[Event "Fagernes Chess GM-Swiss 2024"]
[Site "Fagernes"]
[Date "2024.03.27"]
[Round "5.26"]
[White "Kreken, Eivind Grunt"]
[Black "Mihajlov, Sebastian"]
[Result "1/2-1/2"]
[ECO "A07"]
[WhiteElo "2215"]
[BlackElo "2373"]
[Annotator "RC"]
[PlyCount "158"]
[EventDate "2024.03.25"]
[EventType "swiss"]
[EventCountry "NOR"]
[SourceTitle "playchess.com"]
[Source "ChessBase"]
[SourceQuality "1"]
[TimeControl "40/6000+30:2400+30"]

1. Nf3 d5 2. g3 c6 3. Bg2 Bf5 4. O-O e6 5. c4 h6 6. Qb3 Qb6 7. d3 Nf6 8. Be3 Qc7 9. Bf4 Qb6 10. Be3 Qc7 11. Nc3 Nbd7 12. cxd5 exd5 13. Rac1 Qb8 14. Bf4 Nc5 15. Qc2 Qd8 16. e4 dxe4 17. dxe4 Bh7 18. Rfd1 Qc8 19. Qe2 Be7 20. Nd5 Ne6 21. Nxe7 Nxf4 22. gxf4 Kxe7 23. Qc4 Kf8 24. f5 Qc7 25. e5 Ne8 26. e6 Nf6 27. Bh3 fxe6 28. Nd4 Bg8 29. fxe6 g6 30. Qc3 Qe7 31. Nf3 Rh7 32. Ne5 Rg7 33. Re1 Nd5 34. Qf3+ Ke8 35. Kh1 Qf6 36. Qg3 Nf4 37. Nd7 Qg5 38. Qxg5 hxg5 39. Bf1 Bxe6 40. Nc5 Re7 41. Nxe6 Rxe6 42. Rxe6+ Nxe6 43. Kg2 Ke7 44. Rd1 Rd8 45. Rxd8 Nxd8 46. Kf3 Nf7 47. Ke4 Kf6 48. b4 Ne5 49. h3 Ke6 50. Kd4 b6 51. Be2 Kf5 52. Ke3 g4 53. hxg4+ Nxg4+ 54. Kf3 Ne5+ 55. Ke3 g5 56. f3 Nd7 57. Bd3+ Ke5 58. Be4 c5 59. bxc5 Nxc5 60. Bc6 Ne6 61. a4 Nd4 62. Bb7 Ne6 63. Bc6 Kd6 64. Be8 a6 65. Ke4 Kc5 66. Bd7 Nd4 67. Be8 a5 68. Bd7 Nb3 69. Kf5 Nd2 70. Kg4 Kb4 71. Bc6 Nc4 72. Kf5 Kc5 73. Bd7 b5 74. axb5 a4 75. b6 a3 76. b7 Nd6+ 77. Kxg5 Nxb7 78. Be6 Nd6 79. Ba2 Kd4 1/2-1/2

[Event "Fagernes Chess GM-Swiss 2024"]
[Site "Fagernes"]
[Date "2024.03.27"]
[Round "5.27"]
[White "Aniruddh Chatterjee"]
[Black "Kenneskog, Theodor"]
[Result "0-1"]
[ECO "A13"]
[WhiteElo "2182"]
[BlackElo "2358"]
[Annotator "RC"]
[PlyCount "116"]
[EventDate "2024.03.25"]
[EventType "swiss"]
[EventCountry "NOR"]
[SourceTitle "playchess.com"]
[Source "ChessBase"]
[SourceQuality "1"]
[TimeControl "40/6000+30:2400+30"]

1. c4 e6 2. Nf3 Nf6 3. b3 d5 4. e3 c5 5. Bb2 Nc6 6. cxd5 exd5 7. d4 cxd4 8. exd4 Bb4+ 9. Nbd2 Bg4 10. Be2 Ne4 11. O-O Nxd2 12. Nxd2 Bxe2 13. Qxe2+ Qe7 14. Qxe7+ Kxe7 15. Nf3 f6 16. g4 Rhe8 17. a3 Ba5 18. b4 Bb6 19. Rfe1+ Kf7 20. g5 Re4 21. Rxe4 dxe4 22. Nd2 Nxd4 23. Nxe4 Nf3+ 24. Kg2 Nxg5 25. Nd6+ Ke6 26. Nc4 Bc7 27. a4 Nf7 28. Re1+ Kd7 29. b5 Re8 30. Rd1+ Kc8 31. a5 b6 32. axb6 axb6 33. Rc1 Kb7 34. Ne3 Bf4 35. Rd1 Rd8 36. Rxd8 Nxd8 37. Nf5 Ne6 38. h4 Kc7 39. Kf3 Bd6 40. Ke4 Kd7 41. h5 Bc5 42. f3 Bf8 43. Bc3 g6 44. hxg6 hxg6 45. Nh4 f5+ 46. Kd5 Nf4+ 47. Kc4 Ke6 48. Bd4 Be7 49. Bf2 Bd8 50. Be3 g5 51. Nxf5 Kxf5 52. Bf2 Bc7 53. Bg1 Ke6 54. Be3 Bd8 55. Kd4 Nd5 56. Bd2 Nc7 57. Kc4 Ne8 58. Be3 Nd6+ 0-1

[Event "Fagernes Chess GM-Swiss 2024"]
[Site "Fagernes"]
[Date "2024.03.27"]
[Round "5.28"]
[White "Carlsson, Ludvig"]
[Black "Anishka Vikram"]
[Result "1-0"]
[ECO "B76"]
[WhiteElo "2350"]
[BlackElo "1995"]
[Annotator "RC"]
[PlyCount "73"]
[EventDate "2024.03.25"]
[EventType "swiss"]
[EventCountry "NOR"]
[SourceTitle "playchess.com"]
[Source "ChessBase"]
[SourceQuality "1"]
[TimeControl "40/6000+30:2400+30"]

1. e4 c5 2. Nf3 d6 3. d4 cxd4 4. Nxd4 Nf6 5. Nc3 g6 6. Be3 Bg7 7. f3 O-O 8. Qd2 Nc6 9. O-O-O d5 10. exd5 Nxd5 11. Nxc6 bxc6 12. Bd4 Bxd4 13. Qxd4 Qb6 14. Na4 Qc7 15. Bc4 Nb6 16. Bb3 Nxa4 17. Qxa4 c5 18. Rhe1 Rb8 19. Qe4 Qb6 20. Qxe7 c4 21. Rd6 Qf2 22. Rd2 Qb6 23. Rd6 Qf2 24. Bxc4 Bf5 25. Rd2 Qb6 26. Bb3 Be6 27. Qd6 Qb7 28. Kb1 a5 29. Rxe6 fxe6 30. Qxe6+ Kh8 31. Rd7 Qb6 32. Qe5+ Qf6 33. Qc7 Qh4 34. Qxa5 Rbe8 35. a4 Re2 36. Qc3+ Qf6 37. Rd8 1-0

[Event "Fagernes Chess GM-Swiss 2024"]
[Site "Fagernes"]
[Date "2024.03.27"]
[Round "5.29"]
[White "Haug, Havard"]
[Black "Aamodt, Peder Marcus"]
[Result "0-1"]
[ECO "D00"]
[WhiteElo "2341"]
[BlackElo "1941"]
[Annotator "RC"]
[PlyCount "56"]
[EventDate "2024.03.25"]
[EventType "swiss"]
[EventCountry "NOR"]
[SourceTitle "playchess.com"]
[Source "ChessBase"]
[SourceQuality "1"]
[TimeControl "40/6000+30:2400+30"]

1. d4 Nf6 2. Nc3 d5 3. Bf4 e6 4. Nb5 Na6 5. e3 Be7 6. Nf3 O-O 7. h4 c6 8. Nc3 c5 9. Ne5 Bd7 10. g4 Be8 11. g5 Nd7 12. Bxa6 Nxe5 13. Bxb7 Rb8 14. Ba6 Rb6 15. Bxe5 Rxa6 16. dxc5 Bxc5 17. Ne2 Bb5 18. Ng3 Bd6 19. Qd4 Ra4 20. Qc3 Bb4 21. Bxg7 Bxc3+ 22. Bxc3 f6 23. Nh5 e5 24. Nxf6+ Rxf6 25. gxf6 Qxf6 26. b3 Qf3 27. Kd2 Rg4 28. Kc1 Qxh1+ 0-1

[Event "Fagernes Chess GM-Swiss 2024"]
[Site "Fagernes"]
[Date "2024.03.27"]
[Round "5.30"]
[White "Fiskaaen, Martin Holten"]
[Black "Vestby-Ellingsen, Mads"]
[Result "0-1"]
[ECO "D20"]
[WhiteElo "2118"]
[BlackElo "2336"]
[Annotator "RC"]
[PlyCount "96"]
[EventDate "2024.03.25"]
[EventType "swiss"]
[EventCountry "NOR"]
[SourceTitle "playchess.com"]
[Source "ChessBase"]
[SourceQuality "1"]
[TimeControl "40/6000+30:2400+30"]

1. d4 d5 2. c4 dxc4 3. e3 b5 4. a4 b4 5. Bxc4 Nf6 6. Nf3 e6 7. O-O Be7 8. Nbd2 O-O 9. Qe2 c5 10. Nb3 Nbd7 11. Rd1 Qc7 12. Bd2 a5 13. e4 Bb7 14. Bd3 c4 15. Bxc4 Bxe4 16. Bg5 Bxf3 17. gxf3 Nb6 18. Bd3 Nbd5 19. Rac1 Qd6 20. Nc5 Nf4 21. Bxf4 Qxf4 22. Nxe6 fxe6 23. Qxe6+ Kh8 24. Qxe7 Qxf3 25. Qe3 Qh5 26. Be2 Qf7 27. Re1 Rae8 28. Qf3 Qa7 29. Bb5 Rd8 30. Rcd1 Nd5 31. Qg3 Rf6 32. Re5 Nf4 33. Rde1 Qxd4 34. Re8+ Rf8 35. Rxd8 Qxd8 36. Kh1 h6 37. Bc6 Qd2 38. Qe3 Qxb2 39. Qe7 Ng6 40. Qd6 Qxf2 41. Rg1 Nh4 42. Qc7 Qf6 43. Bd5 Nf5 44. Qxa5 Qd4 45. Qb5 Ne3 46. Bc6 Ng4 47. Qe2 Nf2+ 48. Kg2 Nh3 0-1

[Event "Fagernes Chess GM-Swiss 2024"]
[Site "Fagernes"]
[Date "2024.03.27"]
[Round "5.31"]
[White "Holand, Per Fredrik"]
[Black "Dushyant Sharma"]
[Result "0-1"]
[ECO "E05"]
[WhiteElo "2068"]
[BlackElo "2331"]
[Annotator "RC"]
[PlyCount "76"]
[EventDate "2024.03.25"]
[EventType "swiss"]
[EventCountry "NOR"]
[SourceTitle "playchess.com"]
[Source "ChessBase"]
[SourceQuality "1"]
[TimeControl "40/6000+30:2400+30"]

1. d4 d5 2. c4 e6 3. Nf3 Nf6 4. g3 Be7 5. Bg2 O-O 6. O-O dxc4 7. Qc2 b5 8. a4 b4 9. Qxc4 Nd5 10. a5 Ba6 11. Qc2 Nd7 12. Rd1 c5 13. e4 N5f6 14. d5 exd5 15. exd5 Bd6 16. Nh4 Re8 17. Nd2 Ne5 18. Ndf3 c4 19. Nf5 b3 20. Qd2 h6 21. Nxe5 Bxe5 22. d6 Rc8 23. Ne7+ Rxe7 24. dxe7 Qxe7 25. Qe2 Qe6 26. Re1 Rc5 27. Qd1 Qc8 28. f4 Bxb2 29. Bxb2 c3 30. Qxb3 cxb2 31. Qxb2 Rc2 32. Qd4 Rxg2+ 33. Kxg2 Qc6+ 34. Kg1 Bb7 35. Qd8+ Kh7 36. Qd3+ g6 37. Kf2 Ng4+ 38. Ke2 Ba6 0-1

[Event "Fagernes Chess GM-Swiss 2024"]
[Site "Fagernes"]
[Date "2024.03.27"]
[Round "5.32"]
[White "Nordahl, Helge"]
[Black "Avetisyan, Ani"]
[Result "1/2-1/2"]
[ECO "D55"]
[WhiteElo "2330"]
[BlackElo "1840"]
[Annotator "RC"]
[PlyCount "107"]
[EventDate "2024.03.25"]
[EventType "swiss"]
[EventCountry "NOR"]
[SourceTitle "playchess.com"]
[Source "ChessBase"]
[SourceQuality "1"]
[TimeControl "40/6000+30:2400+30"]

1. d4 d5 2. c4 e6 3. Nc3 Be7 4. Nf3 Nf6 5. Bg5 O-O 6. e3 b6 7. Rc1 Bb7 8. cxd5 Nxd5 9. Bxe7 Qxe7 10. Nxd5 exd5 11. Bd3 g6 12. Qa4 c5 13. Qa3 Rc8 14. O-O Nd7 15. Rc2 Qf6 16. Bb5 Bc6 17. Bxc6 Rxc6 18. dxc5 bxc5 19. Rfc1 Ra6 20. Qd3 Rb8 21. b3 Rd6 22. h3 Rb4 23. Qc3 Qxc3 24. Rxc3 h5 25. Rd1 a5 26. Ne1 Rbb6 27. Nd3 d4 28. exd4 Rxd4 29. Rdc1 a4 30. R1c2 axb3 31. axb3 Kf8 32. Kf1 Re4 33. f3 Rd4 34. Kf2 Ke7 35. Ke3 Re6+ 36. Kf2 Rb6 37. Re2+ Kf6 38. Re3 Rb5 39. Re8 Rd5 40. f4 Ra5 41. Rc8 Rb5 42. Ke3 Kg7 43. g4 hxg4 44. hxg4 g5 45. Rc7 gxf4+ 46. Nxf4 Re5+ 47. Kf3 Nf6 48. Nd3 Nd5 49. Nxe5 Nxc7 50. Ke4 Rb4+ 51. Nc4 Nb5 52. Re3 Nd4 53. Kd5 Nxb3 54. Re7 1/2-1/2

[Event "Fagernes Chess GM-Swiss 2024"]
[Site "Fagernes"]
[Date "2024.03.27"]
[Round "5.33"]
[White "Shivika Rohilla"]
[Black "Shehzad, Shazil"]
[Result "0-1"]
[ECO "A13"]
[WhiteElo "2003"]
[BlackElo "2301"]
[Annotator "RC"]
[PlyCount "66"]
[EventDate "2024.03.25"]
[EventType "swiss"]
[EventCountry "NOR"]
[SourceTitle "playchess.com"]
[Source "ChessBase"]
[SourceQuality "1"]
[TimeControl "40/6000+30:2400+30"]

1. Nf3 Nf6 2. c4 e6 3. g3 d5 4. Bg2 d4 5. O-O c5 6. e3 Nc6 7. exd4 cxd4 8. d3 h6 9. Na3 Bxa3 10. bxa3 O-O 11. Rb1 e5 12. Re1 Qc7 13. a4 Re8 14. Nd2 Bf5 15. Qe2 Rab8 16. Nb3 Nb4 17. Rd1 Nxd3 18. Rxd3 Qxc4 19. Bf1 Qxa4 20. Rb2 Bxd3 21. Qxd3 Rbc8 22. Qf5 Qd7 23. Qb1 b6 24. Rd2 Nd5 25. Qe4 Nc3 26. Qh4 Qa4 27. Rd3 Qc6 28. f4 e4 29. Nxd4 Qc5 30. f5 exd3 31. Bxh6 Ne2+ 32. Bxe2 dxe2 33. Bxg7 Qc1+ 0-1

[Event "Fagernes Chess GM-Swiss 2024"]
[Site "Fagernes"]
[Date "2024.03.27"]
[Round "5.34"]
[White "Prraneeth Vuppala"]
[Black "Vijayakumar, Rishi"]
[Result "1-0"]
[ECO "E06"]
[WhiteElo "2506"]
[BlackElo "2156"]
[Annotator "TA"]
[PlyCount "83"]
[EventDate "2024.03.25"]
[EventType "swiss"]
[EventCountry "NOR"]
[SourceTitle "playchess.com"]
[Source "ChessBase"]
[SourceQuality "1"]
[TimeControl "40/6000+30:2400+30"]

1. d4 Nf6 2. c4 e6 3. Nf3 d5 4. g3 Be7 5. Bg2 O-O 6. O-O a5 7. Qc2 Nc6 8. a3 dxc4 9. Rd1 {[%emt 0:00:09] White is slightly better.} Bd7 10. Qxc4 a4 11. Qc2 Na5 12. Nc3 Nb3 13. Rb1 Bc6 (13... Nd5 $11 {remains equal.}) 14. e4 $16 Nxc1 {[%emt 0:18:42] Black is on the road to losing.} 15. Rbxc1 Ra5 16. Ne5 Be8 17. Nc4 Ra7 {[%emt 0:00:46] [#]} (17... Ra6 $142) 18. Ne3 $1 {[%emt 0:00:14] e5 would now be deadly.} c5 {[%emt 0:21:09] [#]} 19. e5 $1 Nd7 20. d5 {[%emt 0:00:29] And now d6 would win. White has more active pieces. The black rooks are passive.} (20. Nxa4 cxd4 21. Rxd4 b5 $11) 20... Nxe5 (20... Qb8 $16) 21. dxe6 $18 Qc8 (21... Qb8 {was worth a try.}) 22. Ncd5 (22. f4 Nc6 $16) 22... Qxe6 23. Nf5 Bd8 24. Nf4 {[%emt 0:02:30][%mdl 1024] White has strong compensation. A dynamic duo of knights.} (24. Qxc5 $6 b6 25. Qc2 Bd7 $16) 24... Qb6 25. Rd6 $36 {[%emt 0:04:39][%mdl 2048] White is really pushing.} Bc6 $2 (25... Qa5 26. Nh5 (26. Qxc5 Bd7 $16) 26... Ra6) 26. Qc3 (26. Qxc5 Qxb2 27. Rdd1 Bb6 28. Ne7+ Kh8 $18) 26... f6 (26... Re8 $142 27. Nh5 (27. Qxc5 Qxc5 28. Rxc5 Bc7 $11) 27... Qa5 28. Rxd8 (28. Qxc5 Qxc5 29. Rxc5 Nf3+ 30. Bxf3 Bxf3 $17) (28. Nhxg7 Qxc3 29. Rxc3 Rf8 $18) 28... Qxd8) 27. Ne6 (27. Qxc5 Qxc5 28. Rxc5 Bc7 $16) 27... Nf7 28. Nxf8 (28. Rxc6 bxc6 29. Nfxg7 Ng5 $16) 28... Nxd6 29. Nxd6 {[%emt 0:00:06] Qc4+ would kill now.} Kxf8 30. Nc8 (30. Qxc5 Qxc5 31. Rxc5 Be7 (31... Bb6 32. Rc2 $16) 32. Bxc6 Bxd6 $11) 30... Qc7 (30... Qa5 $142 31. Nxa7 (31. Qxc5+ Qxc5 32. Rxc5 Ra8 $17) 31... Qxa7 32. Bxc6 (32. Qxc5+ Qxc5 33. Rxc5 Bd7 $18) 32... bxc6 33. Qxc5+ Qxc5 34. Rxc5 f5 35. Rxc6 (35. Rxf5+ Bf6 $18) 35... Bf6) 31. Nxa7 Bxg2 32. Kxg2 b6 33. Qd3 Be7 34. Nb5 Qc6+ 35. Kg1 h5 36. h4 g5 37. hxg5 {[%emt 0:00:18][%cal Od3h7] White threatens Qh7! and mate.} fxg5 38. Re1 {[%emt 0:00:10][%cal Od3h7] Threatening mate with Qh7!} Qf6 39. Nc7 {[%emt 0:00:11] White mates.} h4 40. Nd5 c4 41. Qh7 Bc5 42. Nxf6 {[%emt 0:00:09] Weighted Error Value: White=0.10 (very precise) /Black=0.68.  Mistake:       	---       	Black=7      Inaccurate:     	White=2     	Black=1      OK:         	White=11    	Black=12     Best:        	White=2     	---        Strong:       	White=2     	---} 1-0

[Event "Fagernes Chess GM-Swiss 2024"]
[Site "Fagernes"]
[Date "2024.03.27"]
[Round "5.35"]
[White "Melaa, Sondre"]
[Black "Sian, Shadi"]
[Result "1/2-1/2"]
[ECO "B90"]
[WhiteElo "2285"]
[BlackElo "2076"]
[Annotator "RC"]
[PlyCount "50"]
[EventDate "2024.03.25"]
[EventType "swiss"]
[EventCountry "NOR"]
[SourceTitle "playchess.com"]
[Source "ChessBase"]
[SourceQuality "1"]
[TimeControl "40/6000+30:2400+30"]

1. e4 c5 2. Nf3 d6 3. d4 cxd4 4. Nxd4 Nf6 5. Nc3 a6 6. h3 e5 7. Nf3 Qc7 8. g4 h6 9. g5 hxg5 10. Nxg5 Nbd7 11. a4 Nc5 12. Bc4 Be6 13. Nxe6 fxe6 14. Be3 Ncxe4 15. Nxe4 Qxc4 16. Nxd6+ Bxd6 17. Qxd6 Qd5 18. Qxd5 exd5 19. f4 exf4 20. Bxf4 Rc8 21. Rh2 Rc4 22. Bg5 Ne4 23. Be3 Nf6 24. Bg5 Ne4 25. Be3 Nf6 1/2-1/2

[Event "Fagernes Chess GM-Swiss 2024"]
[Site "Fagernes"]
[Date "2024.03.27"]
[Round "5.36"]
[White "Daakshin Arun"]
[Black "Amundsen, Ask"]
[Result "1-0"]
[ECO "D20"]
[WhiteElo "2283"]
[BlackElo "2069"]
[Annotator "RC"]
[PlyCount "73"]
[EventDate "2024.03.25"]
[EventType "swiss"]
[EventCountry "NOR"]
[SourceTitle "playchess.com"]
[Source "ChessBase"]
[SourceQuality "1"]
[TimeControl "40/6000+30:2400+30"]

1. d4 d5 2. c4 dxc4 3. e3 e5 4. Bxc4 exd4 5. exd4 Nf6 6. Qb3 Qe7+ 7. Ne2 Qb4+ 8. Nbc3 Qxb3 9. Bxb3 Be6 10. d5 Bd7 11. O-O Bd6 12. Nd4 O-O 13. Ndb5 Ne8 14. Nxd6 Nxd6 15. Bf4 Na6 16. Rfe1 Nc5 17. Bc2 a5 18. Rac1 Rfe8 19. Ne2 Bb5 20. Nd4 Bd3 21. Red1 Bxc2 22. Nxc2 Na4 23. Ne3 Nxb2 24. Rd4 Ra6 25. h3 Nb5 26. Rd2 Na4 27. Rc4 Nac3 28. a4 Nxa4 29. Rxa4 Nc3 30. Rc4 Ne4 31. Rxe4 Rxe4 32. Bxc7 Re8 33. d6 Raa8 34. d7 Red8 35. Bxd8 Rxd8 36. Rc2 Kf8 37. Nd5 1-0

[Event "Fagernes Chess GM-Swiss 2024"]
[Site "Fagernes"]
[Date "2024.03.27"]
[Round "5.37"]
[White "Moreby, James"]
[Black "Thangavel, Gokul"]
[Result "1/2-1/2"]
[ECO "A28"]
[WhiteElo "2260"]
[BlackElo "1990"]
[Annotator "RC"]
[PlyCount "80"]
[EventDate "2024.03.25"]
[EventType "swiss"]
[EventCountry "NOR"]
[SourceTitle "playchess.com"]
[Source "ChessBase"]
[SourceQuality "1"]
[TimeControl "40/6000+30:2400+30"]

1. c4 Nf6 2. Nc3 e5 3. Nf3 Nc6 4. e4 Bb4 5. d3 d6 6. a3 Bc5 7. b4 Bb6 8. Na4 Bg4 9. Nxb6 axb6 10. Bb2 Nd4 11. Be2 Bxf3 12. Bxf3 Ne6 13. g3 Nd7 14. Bg2 O-O 15. O-O Qg5 16. Bc1 Qe7 17. Bb2 c6 18. f4 exf4 19. gxf4 Qh4 20. Qd2 f5 21. Rae1 Rae8 22. e5 dxe5 23. fxe5 f4 24. Qf2 Qg4 25. Qf3 Qg6 26. Qd1 Rf5 27. Kh1 Rh5 28. Bf3 Rh3 29. Qe2 Ng5 30. d4 Nf6 31. Qg2 Nh5 32. Bxh5 Qxh5 33. Rxf4 Nf3 34. Rxf3 Rxf3 35. d5 cxd5 36. cxd5 Qf5 37. Rg1 g6 38. d6 Rf2 39. Qd5+ Qf7 40. Qg2 Qf5 1/2-1/2

[Event "Fagernes Chess GM-Swiss 2024"]
[Site "Fagernes"]
[Date "2024.03.27"]
[Round "5.38"]
[White "Lindh, Fredrik"]
[Black "Okuno Okuno, Rion"]
[Result "1-0"]
[ECO "B90"]
[WhiteElo "2256"]
[BlackElo "1981"]
[Annotator "RC"]
[PlyCount "71"]
[EventDate "2024.03.25"]
[EventType "swiss"]
[EventCountry "NOR"]
[SourceTitle "playchess.com"]
[Source "ChessBase"]
[SourceQuality "1"]
[TimeControl "40/6000+30:2400+30"]

1. e4 c5 2. Nf3 d6 3. d4 cxd4 4. Nxd4 Nf6 5. Nc3 a6 6. Be3 e5 7. Nb3 Be7 8. f3 Be6 9. Qd2 h5 10. Be2 Nbd7 11. a4 O-O 12. O-O Qc7 13. a5 b5 14. axb6 Nxb6 15. Rxa6 Rxa6 16. Bxa6 Ra8 17. Bd3 d5 18. exd5 Nfxd5 19. Nb5 Qc6 20. Bf2 Nc4 21. Bxc4 Qxc4 22. Na3 Bxa3 23. bxa3 Rxa3 24. Nc5 Nf4 25. Re1 Rc3 26. Re4 Rxc2 27. Qd8+ Kh7 28. Rxc4 Bxc4 29. h4 Rc1+ 30. Kh2 Rc2 31. Ne4 Bd5 32. Ng5+ Kg6 33. Qb6+ f6 34. Qb1 Bb3 35. Qxb3 Rxf2 36. Qb1+ 1-0

[Event "Fagernes Chess GM-Swiss 2024"]
[Site "Fagernes"]
[Date "2024.03.27"]
[Round "5.39"]
[White "Andersen, Morten"]
[Black "Gasland, Lukas Dominik"]
[Result "1-0"]
[ECO "A62"]
[WhiteElo "2178"]
[BlackElo "1985"]
[Annotator "RC"]
[PlyCount "89"]
[EventDate "2024.03.25"]
[EventType "swiss"]
[EventCountry "NOR"]
[SourceTitle "playchess.com"]
[Source "ChessBase"]
[SourceQuality "1"]
[TimeControl "40/6000+30:2400+30"]

1. d4 Nf6 2. c4 e6 3. g3 c5 4. d5 exd5 5. cxd5 d6 6. Nc3 g6 7. Nf3 Bg7 8. Bg2 O-O 9. O-O Na6 10. Nd2 Nc7 11. a4 b6 12. Nc4 Ba6 13. Na3 Qd7 14. Bf4 Nh5 15. Bg5 Rfe8 16. Bf3 Re5 17. Qd2 f6 18. Be3 Rae8 19. g4 Rxe3 20. fxe3 Bh6 21. Ne4 f5 22. gxh5 fxe4 23. Bg2 Re5 24. hxg6 Nxd5 25. gxh7+ Qxh7 26. Nc2 Qg6 27. Kh1 Kh8 28. a5 Rh5 29. Qe1 b5 30. Qf2 b4 31. b3 Bg7 32. Rae1 Nf6 33. Qf4 Rg5 34. Rg1 Bh6 35. Qxd6 Ng4 36. Qg3 Bg7 37. Bh3 Bc8 38. Qh4+ Rh5 39. Qd8+ Kh7 40. Bxg4 Bxg4 41. Rg2 Qh6 42. Qc7 Bh3 43. Rgg1 Be6 44. Rd1 Bxb3 45. Rxg7+ 1-0

[Event "Fagernes Chess GM-Swiss 2024"]
[Site "Fagernes"]
[Date "2024.03.27"]
[Round "5.40"]
[White "Oksendal, Martin"]
[Black "Gandrud, Vegar Koi"]
[Result "1/2-1/2"]
[ECO "B94"]
[WhiteElo "2086"]
[BlackElo "2293"]
[Annotator "RC"]
[PlyCount "105"]
[EventDate "2024.03.25"]
[EventType "swiss"]
[EventCountry "NOR"]
[SourceTitle "playchess.com"]
[Source "ChessBase"]
[SourceQuality "1"]
[TimeControl "40/6000+30:2400+30"]

1. e4 c5 2. Nf3 d6 3. d4 cxd4 4. Nxd4 Nf6 5. Nc3 a6 6. Bg5 Nbd7 7. Qe2 h6 8. Bh4 g6 9. f4 e5 10. fxe5 dxe5 11. O-O-O Be7 12. Nb3 Qc7 13. Qf3 g5 14. Bg3 b5 15. Bd3 Bb7 16. Rhf1 O-O-O 17. Qe3 Rhf8 18. a4 b4 19. Nd5 Nxd5 20. exd5 Nc5 21. Nxc5 Bxc5 22. Qxe5 Bd6 23. Qf5+ Kb8 24. Bxd6 Qxd6 25. Qf6 a5 26. Qxd6+ Rxd6 27. Be4 f5 28. Rxf5 Rxf5 29. Bxf5 Rxd5 30. Rxd5 Bxd5 31. g3 Bc6 32. b3 Kc7 33. Kd2 Kd6 34. Kd3 Kc5 35. Ke3 Bd5 36. Bd3 Bc6 37. Bg6 Bd5 38. Be8 Bg8 39. Bg6 Bd5 40. Bh7 Bc6 41. g4 Bd5 42. Be4 Bf7 43. Bh7 Bd5 44. Bf5 Bc6 45. Kd3 Bd5 46. Be4 Bf7 47. Ke3 Bg8 48. Ba8 Bh7 49. Be4 Bg8 50. Kd3 Bf7 51. Ke3 Bg8 52. h3 Bf7 53. Kd3 1/2-1/2

[Event "Fagernes Chess GM-Swiss 2024"]
[Site "Fagernes"]
[Date "2024.03.27"]
[Round "5.41"]
[White "Evenshaug, Amadeus Hestvik"]
[Black "Brattgjerd, Isak Vinh"]
[Result "0-1"]
[ECO "B15"]
[WhiteElo "2035"]
[BlackElo "2228"]
[Annotator "RC"]
[PlyCount "82"]
[EventDate "2024.03.25"]
[EventType "swiss"]
[EventCountry "NOR"]
[SourceTitle "playchess.com"]
[Source "ChessBase"]
[SourceQuality "1"]
[TimeControl "40/6000+30:2400+30"]

1. e4 c6 2. d4 d5 3. Nc3 dxe4 4. Nxe4 Nf6 5. Nxf6+ exf6 6. Bc4 Na6 7. Ne2 Nc7 8. O-O Bd6 9. Bf4 O-O 10. c3 Bxf4 11. Nxf4 Qd6 12. g3 b5 13. Be2 a5 14. Bf3 Ne6 15. Nxe6 Bxe6 16. Re1 Rab8 17. Qd3 Rfd8 18. Red1 g6 19. Kg2 Kg7 20. h4 h5 21. Qe4 Rbc8 22. Qe2 Re8 23. Qd3 Bc4 24. Qd2 Rcd8 25. b3 Bd5 26. Qd3 f5 27. Rd2 c5 28. Bxd5 Qxd5+ 29. Qf3 Re4 30. Rad1 c4 31. Rb1 Rde8 32. b4 a4 33. a3 Qd6 34. Rbd1 f4 35. d5 fxg3 36. fxg3 R8e5 37. Rf1 f5 38. Kh3 Rxd5 39. Rxd5 Qxd5 40. Rd1 Rxh4+ 41. Kxh4 Qxf3 0-1

[Event "Fagernes Chess GM-Swiss 2024"]
[Site "Fagernes"]
[Date "2024.03.27"]
[Round "5.42"]
[White "Myagmarsuren, Evsuld"]
[Black "Makka, Ioulia"]
[Result "1-0"]
[ECO "B10"]
[WhiteElo "2138"]
[BlackElo "1983"]
[Annotator "RC"]
[PlyCount "79"]
[EventDate "2024.03.25"]
[EventType "swiss"]
[EventCountry "NOR"]
[SourceTitle "playchess.com"]
[Source "ChessBase"]
[SourceQuality "1"]
[TimeControl "40/6000+30:2400+30"]

1. e4 c6 2. c4 d5 3. exd5 cxd5 4. cxd5 Nf6 5. Nc3 g6 6. Bc4 Bg7 7. d3 a6 8. a4 b6 9. Nge2 Bb7 10. Qb3 O-O 11. O-O Nbd7 12. Be3 Rc8 13. h3 Ne8 14. Ng3 Nd6 15. Nge4 h6 16. Nxd6 exd6 17. Ne4 Nc5 18. Nxc5 dxc5 19. Rad1 Qc7 20. f4 Kh7 21. f5 Be5 22. d6 Bxd6 23. d4 cxd4 24. Rxd4 Bc5 25. Bxf7 Qxf7 26. fxg6+ Qxg6 27. Rd7+ Kh8 28. Rxf8+ Bxf8 29. Bd4+ Bg7 30. Bxg7+ Qxg7 31. Rxg7 Kxg7 32. Qg3+ Kh7 33. Qd3+ Kh8 34. Qd4+ Kg8 35. Qg4+ Kh8 36. Qd4+ Kg8 37. Qxb6 Bd5 38. Qg6+ Kh8 39. Qxh6+ Kg8 40. Qg5+ 1-0

[Event "Fagernes Chess GM-Swiss 2024"]
[Site "Fagernes"]
[Date "2024.03.27"]
[Round "5.43"]
[White "Joel Paul Ganta"]
[Black "Mihajlov, Svetoslav"]
[Result "1/2-1/2"]
[ECO "A57"]
[WhiteElo "1993"]
[BlackElo "2094"]
[Annotator "ChessBase"]
[PlyCount "238"]
[EventDate "2024.03.25"]
[EventType "swiss"]
[EventCountry "NOR"]
[SourceTitle "playchess.com"]
[Source "ChessBase"]
[SourceQuality "1"]
[TimeControl "40/6000+30:2400+30"]

1. d4 Nf6 2. c4 c5 3. d5 b5 4. Qc2 d6 5. e4 bxc4 6. Bxc4 g6 7. h3 Bg7 8. Nf3 Nfd7 9. O-O O-O 10. Re1 Nb6 11. Nbd2 e6 12. dxe6 fxe6 13. e5 d5 14. Bf1 N6d7 15. b3 Nc6 16. Bb2 a5 17. a3 Rb8 18. Bd3 Qe8 19. Re2 a4 20. bxa4 c4 21. Nxc4 dxc4 22. Bxc4 Nb6 23. Bb5 Bd7 24. Rd1 Rc8 25. Qe4 Nd5 26. Red2 Nce7 27. Ng5 Bxb5 28. axb5 Bh6 29. Nxe6 Bxd2 30. Nxf8 Qxb5 31. Rxd2 Rxf8 32. e6 Nf6 33. Qe5 Qxe5 34. Bxe5 Nfd5 35. Rb2 Nc6 36. Bd6 Re8 37. Rc2 Nd4 38. Rc5 Nb6 39. e7 Nf5 40. Bc7 Nc8 41. a4 Rxe7 42. g4 Re1+ 43. Kg2 Nfe7 44. Be5 Re4 45. a5 Ra4 46. f4 Na7 47. h4 Nac6 48. Bc7 Kf7 49. Kf3 Nd4+ 50. Kg2 Ne6 51. Rc2 Nxc7 52. Rxc7 Rxa5 53. Rb7 Ra2+ 54. Kf3 Ra3+ 55. Ke4 Rh3 56. h5 gxh5 57. g5 Ra3 58. f5 Ra4+ 59. Kf3 Kf8 60. Rb8+ Kf7 61. Rb7 Ke8 62. Rb8+ Kd7 63. Rh8 Nxf5 64. Rxh7+ Ke6 65. Rxh5 Nh4+ 66. Ke2 Ng6 67. Rh7 Kf5 68. Rf7+ Kxg5 69. Rg7 Kf5 70. Rg8 Ne5 71. Ke3 Re4+ 72. Kd2 Rd4+ 73. Ke3 Rd3+ 74. Ke2 Ke4 75. Re8 Rd7 76. Ra8 Nc4 77. Re8+ Ne5 78. Ra8 Kd4 79. Rh8 Ra7 80. Rh4+ Kd5 81. Rh5 Ra4 82. Rh8 Re4+ 83. Kf2 Rf4+ 84. Ke3 Rf3+ 85. Ke2 Ra3 86. Rh5 Ke4 87. Rh4+ Kf5 88. Rb4 Nc6 89. Rc4 Ra2+ 90. Ke3 Ne5 91. Rb4 Ra3+ 92. Ke2 Nf3 93. Rb8 Ke4 94. Re8+ Ne5 95. Kd2 Rh3 96. Kc2 Rh7 97. Kd2 Rd7+ 98. Ke2 Rd4 99. Rh8 Kf4 100. Rf8+ Ke4 101. Rh8 Ng6 102. Re8+ Kf5 103. Ke3 Rh4 104. Ra8 Re4+ 105. Kd3 Ne5+ 106. Kd2 Rd4+ 107. Ke3 Rd3+ 108. Ke2 Kf4 109. Ra4+ Kf5 110. Ra5 Rh3 111. Ra4 Rb3 112. Ra8 Nc4 113. Rf8+ Ke4 114. Kf2 Rb2+ 115. Kg3 Ne5 116. Rf4+ Ke3 117. Ra4 Rb8 118. Ra3+ Nd3 119. Kg4 Rb4+ 1/2-1/2